Map: 빠른무한 2014

Players

치즈빵

  • Race: Protoss Protoss

초코빵 - Winner!

  • Race: Zerg Zerg

VOD

Have the link to the VOD?

Description

Time

  • Played on: June 5, 2016, 3:45 a.m.
  • Length: 11:06
Show
View Real Time Build Order
Export as new Build Order

치즈빵 Protoss 

Build Orders: 1 Gate Expand, Nexus First 

Get SALT Encoding   

  6  0:03  Probe (Chrono Boost)  
  7  0:16  Pylon  
  7  0:17  Probe (Chrono Boost)  
  8  0:32  Probe (Chrono Boost)  
  9  0:47  Probe (Chrono Boost)  
  10  0:56  Gateway  
  10  1:01  Nexus  
  10  1:05  Probe (Chrono Boost)  
  9  1:20  Probe (Chrono Boost)  
  12  1:30  Nexus  
  12  1:34  Probe (Chrono Boost)  
  13  1:43  Assimilator  
  13  1:49  Probe (Chrono Boost)  
  14  1:55  Pylon  
  14  2:04  Probe (Chrono Boost)  
  14  2:07  Nexus  
  15  2:10  Zealot  
  15  2:11  Cybernetics Core  
  15  2:19  Probe (Chrono Boost)  
  18  2:33  Probe (Chrono Boost), Gateway  
  18  2:37  Gateway  
  19  2:40  Gateway  
  19  2:42  Probe (Chrono Boost), Gateway  
  19  2:48  Probe (Chrono Boost)  
  19  2:49  Gateway  
  21  2:53  Zealot  
  21  2:57  Probe (Chrono Boost)  
  24  3:01  Warp Gate (Chrono Boost), Probe (Chrono Boost)  
  25  3:13  Probe  
  26  3:21  Probe x2  
  26  3:24  Twilight Council  
  28  3:30  Probe  
  28  3:32  Gateway  
  28  3:36  Probe x2  
  28  3:39  Pylon  
  31  3:42  Zealot x2  
  31  3:43  Pylon  
  31  3:47  Zealot x2, Probe  
  31  3:48  Zealot  
  42  3:50  Probe  
  42  3:51  Probe  
  42  3:57  Zealot  
  46  4:04  Probe  
  46  4:05  Gateway  
  46  4:07  Pylon, Probe x3  
  50  4:10  Pylon  
  50  4:14  Pylon  
  50  4:19  Charge (Chrono Boost), Pylon  
  50  4:21  Probe x2  
  50  4:22  Zealot, Probe x2  
  50  4:23  Zealot  
  50  4:25  Zealot  
  60  4:31  Gateway  
  60  4:34  Zealot x2, Gateway  
  60  4:36  Probe  
  60  4:38  Probe  
  70  4:47  Gateway x2  
  70  4:54  Probe, Gateway  
  70  4:55  Probe x2  
  70  4:57  Probe  
  70  4:59  Gateway  
  74  5:03  Gateway  
  74  5:06  Stalker x3  
  74  5:09  Probe  
  80  5:10  Probe  
  80  5:11  Gateway  
  80  5:12  Stalker  
  80  5:13  Probe  
  80  5:14  Probe, Gateway  
  80  5:15  Unknown  
  80  5:16  Unknown  
  80  5:18  Gateway  
  86  5:24  Probe x2  
  86  5:28  Probe  
  88  5:31  Probe  
  88  5:39  Robotics Facility, Probe x2  
  90  5:42  Probe  
  90  5:48  Probe  
  94  5:50  Dark Shrine  
  94  5:54  Probe  
  94  5:55  Probe  
  94  5:57  Probe  
  97  6:25  Gateway  
  97  6:26  Gateway  
  97  6:29  Pylon x2  
  97  6:31  Pylon  
  97  6:34  Pylon  
  97  6:36  Zealot x3  
  103  6:40  Gateway  
  103  6:41  Gateway  
  103  6:44  Gateway  
  103  6:51  Gateway  
  103  6:53  Gateway  
  103  7:07  Zealot  
  103  7:08  Zealot x9  
  103  7:09  Zealot x2  
  87  7:41  Zealot  
  87  7:42  Zealot x9  
  87  7:43  Zealot x8  
  95  8:10  Dark Templar x5  
  95  8:11  Dark Templar x6  
  95  8:17  Probe  
  95  8:18  Probe x2  
  118  8:20  Probe  
  118  8:26  Dark Templar x7  
  135  8:32  Probe x2  
  136  9:09  Gateway  
  136  9:10  Gateway  
  136  9:11  Gateway  
  136  9:15  Gateway  
  136  9:16  Pylon  
  136  9:17  Pylon  
  136  9:22  Pylon x2  
  136  9:24  Pylon  
  136  9:25  Gateway  
  136  9:29  Gateway x2  
  136  9:30  Pylon  
  136  9:39  Probe x3, Gateway  
  136  9:41  Probe, Gateway  
  136  9:44  Pylon  
  136  9:46  Pylon  
  140  9:52  Pylon  
  140  9:54  Pylon, Probe x3  
  140  9:56  Pylon  
  140  9:58  Probe  
  140  9:59  Pylon, Gateway  
  144  10:02  Pylon  
  144  10:05  Pylon  
  144  10:07  Pylon  
  144  10:08  Probe x3  
  144  10:09  Pylon, Dark Templar x11  
  166  10:10  Pylon, Dark Templar x9  
  166  10:11  Dark Templar x2  
  166  10:15  Probe  
  192  10:21  Pylon x2  
  192  10:23  Probe x3  
  192  10:24  Pylon  
  192  10:27  Pylon  
  192  10:29  Pylon  
  195  10:30  Pylon  
  195  10:32  Probe  
  195  10:33  Pylon, Gateway  
  195  10:35  Gateway  
  195  10:37  Gateway  
  195  10:38  Probe x3, Gateway  
  196  10:41  Gateway  
  196  10:42  Gateway  
  196  10:44  Gateway  
  196  10:45  Dark Templar x4  
  196  10:46  Gateway, Dark Templar  
  196  10:49  Probe  
  207  10:53  Probe x3  
  202  11:04  Cybernetics Core  
  191  11:13  Zealot x4  
  191  11:14  Zealot x8  
  80  12:00  Zealot x3  
  80  12:01  Zealot x9  
  80  12:02  Zealot x10  
  80  12:03  Zealot  
  81  12:38  Zealot  
  81  12:39  Zealot x10  
  93  12:40  Zealot x3  
  70  13:18  Zealot x2  
  70  13:19  Zealot x6  
  20  13:46  Zealot x6  
  20  13:47  Nexus  
  22  14:01  Zealot  
  22  14:09  Zealot x3  
  24  14:15  Zealot x5  
  17  14:46  Nexus  
  17  15:03  Nexus  
  1  15:22  Nexus  
Show
View Real Time Build Order
Export as new Build Order

초코빵 Zerg - Winner!

Build Orders: Pool First, Roach Nydus 

Get SALT Encoding   

  6  0:01  Drone  
  6  0:07  Drone  
  8  0:12  Drone  
  8  0:18  Drone  
  10  0:34  Spawning Pool  
  10  0:36  Drone  
  10  0:49  Drone, Extractor  
  11  0:59  Hatchery  
  10  1:08  Drone, Extractor  
  11  1:19  Overlord  
  11  1:26  Hatchery  
  10  1:38  Extractor  
  10  1:39  Drone  
  10  1:44  Queen  
  13  1:52  Hatchery  
  12  2:02  Drone x2  
  14  2:15  Hatchery  
  14  2:17  Drone  
  14  2:34  Queen  
  16  2:40  Queen  
  16  2:41  Overlord  
  16  2:42  Drone  
  16  2:47  Drone  
  20  2:52  Extractor  
  19  3:00  Hatchery, Drone  
  19  3:07  Queen  
  21  3:15  Drone  
  21  3:16  Drone x2  
  21  3:19  Drone x3  
  27  3:20  Drone  
  28  3:38  Queen  
  30  3:47  Lair  
  30  3:49  Overlord x2  
  30  3:55  Roach Warren  
  30  3:56  Drone  
  30  3:57  Drone x4  
  34  4:07  Overlord x2  
  34  4:14  Queen  
  34  4:17  Drone x8  
  34  4:18  Drone x3  
  47  4:23  Overlord x2  
  47  4:38  Drone  
  47  4:39  Drone x5  
  53  4:44  Overlord x3  
  53  4:54  Roach x8  
  69  5:16  Roach x11  
  69  5:19  Hatchery x2  
  89  5:20  Overlord x6  
  89  5:24  Roach x2  
  89  5:26  Roach  
  89  5:27  Roach x3  
  89  5:28  Roach  
  103  5:34  Overlord  
  103  5:38  Queen  
  107  5:45  Queen x2  
  107  5:49  Roach x3  
  36  5:50  Roach  
  121  5:59  Hydralisk Den  
  122  6:16  Nydus Network  
  122  6:19  Queen  
  39  6:20  Queen x2  
  123  6:22  Roach x12  
  123  6:23  Roach x4  
  123  6:24  Spore Crawler  
  123  6:26  Spore Crawler  
  123  6:29  Overseer x2  
  157  6:33  Overseer  
  157  6:56  Nydus Network  
  156  7:03  Lurker Den  
  152  7:12  Extractor  
  152  7:15  Zergling x4  
  152  7:16  Zergling x38  
  168  7:20  Overlord x15  
  168  7:28  Hydralisk x2  
  158  7:48  Nydus Canal x2  
  156  7:53  Hydralisk x3  
  156  7:54  Hydralisk x4  
  158  8:01  Drone x4  
  158  8:02  Drone x11  
  172  8:13  Overseer  
  160  8:31  Nydus Canal  
  160  8:38  Nydus Canal  
  157  8:47  Hydralisk  
  157  8:48  Hydralisk x17  
  193  9:09  Hydralisk  
  195  9:10  Hydralisk x8  
  195  9:12  Nydus Canal  
  195  9:15  Nydus Canal  
  211  9:21  Hydralisk x3  
  217  9:44  Nydus Canal  
  217  9:51  Hydralisk  
  217  9:52  Hydralisk x14  
  217  9:56  Overlord  
  217  9:57  Drone, Overlord x2  
  217  9:58  Drone x2  
  250  10:11  Nydus Canal  
  250  10:16  Nydus Canal  
  250  10:29  Hydralisk  
  252  10:30  Hydralisk x14  
  252  10:31  Hydralisk x5  
  252  10:39  Overseer  
  286  11:04  Hydralisk  
  286  11:05  Hydralisk x12  
  286  11:06  Hydralisk  
  300  11:17  Hydralisk x12  
  300  11:29  Overseer x2  
  254  11:30  Overseer  
  254  11:33  Hydralisk  
  254  11:34  Hydralisk x7  
  248  11:43  Hydralisk x7  
  248  11:44  Hydralisk  
  248  11:47  Overseer  
  248  11:48  Overseer  
  244  11:50  Hydralisk  
  244  11:51  Hydralisk x4  
  244  11:57  Hydralisk  
  244  11:58  Hydralisk  
  241  12:00  Queen x4  
  241  12:01  Queen x3  
  241  12:07  Hydralisk x5  
  255  12:14  Hydralisk x3  
  255  12:16  Hydralisk x2  
  255  12:17  Hydralisk  
  235  12:33  Hydralisk x3  
  235  12:34  Hydralisk x5  
  237  12:48  Hydralisk x8  
  233  13:01  Hydralisk x7  
  211  13:45  Roach x8, Hydralisk Den  
  211  13:46  Roach x15  
Tags
 
Add a new tag
Caveats
  • Supply blocks, unpowered buildings, or Contaminate may cause inaccurate times.
  • Supply counts are checked every 10 seconds.